 Dungeon Crawl Stone Soup version 0.30.0-5-g1a98f26d00 (webtiles) character file.

Game seed: 17842754136105906815

341 jimonade the Covert (level 6, -4/36 HPs)
             Began as a Kobold Brigand on May 10, 2023.
             Killed by divine providence
             ... invoked by an orc priest
              (11 damage)
             ... on level 3 of the Dungeon.
             The game lasted 00:04:29 (2055 turns).

jimonade the Covert (Kobold Brigand)                Turns: 2055, Time: 00:04:30

Health: -4/36      AC:  4    Str:  9    XL:     6   Next: 87%
Magic:  6/6        EV: 15    Int: 12    God:
Gold:   98         SH:  5    Dex: 18    Spells: 5/5 levels left

rFire   . . .        a - +2 dagger
rCold   . . .        (no shield)
rNeg    . . .        l - +0 robe
rPois   .            (no helmet)
rElec   .            c - +0 cloak
rCorr   .            x - +0 pair of gloves
SInv    +            (no boots)
Will    .....        y - amulet of reflection
Stlth   +++++        I - ring of see invisible
HPRegen 0.26/turn    (no ring)
MPRegen 0.10/turn

%: reflection
@: no status effects
A: small, no large weapons, nightstalker 3
a: no special abilities


You were on level 3 of the Dungeon.
You visited 1 branch of the dungeon, and saw 3 of its levels.

You collected 98 gold pieces.

Inventory:

Hand Weapons
 a - a +2 dagger (weapon)
 b - a +0 dagger of freezing
 k - a +0 falchion
 u - a +0 short sword
 z - a +0 falchion
 B - a +6 club
 F - a +2 dagger of holy wrath
 M - a +0 dagger of pain
Missiles
 d - 17 poisoned darts (quivered)
 e - 3 curare-tipped darts
 h - 4 boomerangs
 w - 22 stones
Armour
 c - a +0 cloak (worn)
 l - a +0 robe (worn)
 s - a +0 chain mail
 t - a +0 ring mail
 x - a +0 pair of gloves (worn)
 K - a +0 leather armour
Jewellery
 y - an amulet of reflection (around neck)
 H - an amulet of guardian spirit
 I - a ring of see invisible (left hand)
 J - a ring of magical power
Scrolls
 f - a scroll of fear {unknown}
 g - a scroll of fog {unknown}
 m - a scroll of enchant armour {unknown}
 o - 3 scrolls of identify {unknown}
 q - a scroll of brand weapon {unknown}
 v - 2 scrolls of blinking {unknown}
 D - a scroll of acquirement {unknown}
 E - 3 scrolls of enchant weapon {unknown}
 L - 2 scrolls of teleportation {unknown}
Potions
 i - 2 potions of ambrosia {unknown}
 j - 2 potions of mutation {unknown}
 n - 3 potions of heal wounds {unknown}
 p - 2 potions of haste {unknown}
 r - a potion of flight {unknown}
 A - 2 potions of attraction {unknown}
 C - a potion of curing {unknown}
 G - a potion of degeneration {unknown}


   Skills:
 + Level 2.9 Fighting
 + Level 4.6 Short Blades
 + Level 2.4 Throwing
 + Level 3.1 Dodging
 + Level 8.6 Stealth


You had 5 spell levels left.
You didn't know any spells.
Your spell library was empty.

Dungeon Overview and Level Annotations

Branches:
Dungeon (3/15)

Altars:


Innate Abilities, Weirdness & Mutations

You are small and have problems with some larger weapons.
You are completely attuned to the shadows.


Message History

The endoplasm freezes you.
You are frozen.
The orc barely misses you.
You hit the orc priest but do no damage.
The orc priest is severely wounded.
The orc priest mumbles some strange prayers to Beogh against you.
Pain shoots through your body! The orc barely misses you. The orc misses you.
The endoplasm hits you but does no damage.
You barely miss the orc priest.
The orc priest is severely wounded.
The endoplasm freezes you.
You are frozen.
You block the orc's attack.
The orc priest hits you but does no damage.
The orc hits you with a +0 dagger.
* * * LOW HITPOINT WARNING * * *
You hit the orc priest.
The orc priest is almost dead.
The orc priest looks braver for a moment.
The endoplasm freezes you.
You are frozen.
* * * LOW HITPOINT WARNING * * *
The orc misses you. The orc barely misses you.
You hit the orc priest but do no damage.
The orc priest is almost dead.
You hit the orc priest but do no damage.
The orc priest is almost dead.
The orc priest looks braver for a moment.
You block the orc's attack. x2
The endoplasm hits you but does no damage.
You closely miss the orc priest.
The orc priest is almost dead.
The endoplasm freezes you.
You are frozen.
* * * LOW HITPOINT WARNING * * *
The orc barely misses you. You block the orc priest's attack.
You block the orc's attack.
You hit the orc priest but do no damage.
The orc priest is almost dead.
The orc priest invokes the aid of Beogh against you.
Beogh smites you!
You die...

.....###..#....##.#
....###...#.##....#
........#......####
.....####....###
.....# #..#.##
.....# #.....#
...... ..#...##
.....# #
##...###### ...#.
###..@o... ##.#
#.ooJ... #.......
......... ###......
.... #.# #.#


You could see an orc priest, 2 orcs and an endoplasm.

Vanquished Creatures
  Grinder (D:3)
  An orc priest (D:3)
  Jessica (D:2)
  An adder (D:2)
  A dart slug (D:1)
  2 orcs (D:3)
  6 ball pythons
  3 bats
  8 endoplasms
  3 giant cockroaches
  8 goblins
  7 hobgoblins
  9 jackals (D:1)
  5 quokkas
  A frilled lizard (D:2)
  5 kobolds
  A rat (D:1)
63 creatures vanquished.

Notes
Turn   | Place    | Note
-------+----------+-------------------------------------------
     0 | D:1      | jimonade the Kobold Brigand began the quest for the Orb.
     0 | D:1      | Reached XP level 1. HP: 12/12 MP: 1/1
   169 | D:1      | Reached XP level 2. HP: 6/17 MP: 2/2
   242 | D:1      | Reached skill level 6 in Stealth
   420 | D:1      | Reached XP level 3. HP: 21/21 MP: 3/3
   964 | D:2      | Reached XP level 4. HP: 27/27 MP: 4/4
  1037 | D:2      | Noticed Jessica
  1041 | D:2      | Killed Jessica
  1191 | D:2      | Reached skill level 7 in Stealth
  1742 | D:3      | Reached XP level 5. HP: 31/31 MP: 5/5
  1806 | D:3      | Noticed Grinder
  1810 | D:3      | Killed Grinder
  1811 | D:3      | Reached skill level 8 in Stealth
  1811 | D:3      | Reached XP level 6. HP: 36/36 MP: 6/6
  2055 | D:3      | Killed from afar by an orc priest

Illustrated notes

Levels and vault maps discovered:
D:1:      dpeg_arrival_tiny_b, layout_rooms, minmay_misc_feat_nine_boxes
D:2:      layout_loops_ring, amethyst_killhole, uniq_jessica
D:3:      layout_rooms, grunt_decor_fettered, uniq_grinder

Skill      XL: |  1  2  3  4  5 |
---------------+----------------+-----
Stealth        | 6 7 8 |  8.6
Short Blades   | 3 4 |  4.6
Dodging        | 2 3 |  3.1
Fighting       | |  2.9
Throwing       | |  2.4

Action                     |  1- 3 |  4- 6 || total
---------------------------+-------+-------++-------
  Melee: Dagger            |   113 |    80 ||   193
         Punch             |     1 |       ||     1
   Stab: Sleeping          |    10 |    16 ||    26
         Distracted        |     1 |     1 ||     2
 Armour: Robe              |    18 |    10 ||    28
  Dodge: Dodged            |    85 |    44 ||   129
  Block: Other             |       |     8 ||     8
